Unix NetHack Version 5.0.0-0 post-release - last build May 17 2026 04:57:42 (dc50c8380fa5e20985bfe3072449f57b8d9895ef,branch:main).

Game began 2026-05-20 03:46:12, ended 2026-05-20 03:53:02.

Koku, neutral female gnomish Wizard

                                   ---
    ----                        ----.---
    |..--                       |......|
    |...--                       ......|
   --....|                     ----....|             ---
   |.....--      ---           |.......--------   ----.---    ------
  --......|   ----.---------   |.---..........-----......|   --....-----
 --...--.--  --.....|..--..-----.------------^........^..|   -.......|.--
 |....|---   |...^.................-        -----.......--    --........| ..
 |....---    |.----..........-----...|          --..|..--      --....>....-
 --.....--   ---  --....--..--    --.-           |.-----  ---   |........--
  |......|         |....-----        .           |...------.-----.......--
  |......|         |--*-.|           --          ---..........|........--
  ----..---     ----.....-                         --................---
     --...|     |....--....-                        |...............--
      ---.-------f------....|                       ---..........%...|
        |..--...x@|    |..---                         --............--
        --....-----    ----                            --...........|
         |...--                                         --........---
         --.--                                           ---.--.---
          ---                                              ------
Koku the Conjurer         St:11 Dx:14 Co:15 In:17 Wi:8 Ch:10  Neutral
Dlvl:3  $:29 HP:0(25) Pw:2(22) AC:6  Xp:3 T:1098  Burdened

Latest messages:
 Really step onto that falling rock trap? [yn] (n) y
 There is a falling rock trap here.
 A trap door in the ceiling opens and a rock falls on your head!
 Fortunately, you are wearing a hard helmet.
 You hear some noises in the distance.
 You swap places with Tulip.
 Where do you want to travel to?
 (For instructions type a '?')
 Tulip bites the gnome lord.
 Tulip misses the gnome lord.
 Tulip misses the gnome lord.
 Tulip misses the gnome lord.
 Tulip bites the gnome lord.
 The gnome lord is killed!
 You swap places with Tulip.
 Where do you want to travel to?
 (For instructions type a '?')
 You swap places with Tulip.
 What do you want to use or apply? [cl-nzGKLN or ?*] K
 In what direction? 9
 You cannot place a figurine in solid rock!
 What do you want to use or apply? [cl-nzGKLN or ?*] K
 In what direction? 4
 You set the figurine beside you and it transforms.
 You miss the xan.
 The xan pricks your right leg!
 Your movements are slowed slightly because of your load.
 The xan pricks your left leg!
 The xan pricks your right leg!
 The xan pricks your right leg!
 You shock the xan!
 The xan pricks your left leg!
 You don't have enough energy to cast that spell.
 What do you want to drink? [fgAO or ?*] g
 Wow!  This makes you feel good!
 The xan pricks your right leg!
 The xan pricks your left leg!
 The xan pricks your right leg!
 The xan pricks your right leg!
 You already found a monster.  Use 'm' prefix to force another search.
 You climb up the stairs.
 You fall down the stairs.
 The xan pricks your right leg!
 The xan pricks your left leg!
 You die...
 Do you want your possessions identified? [ynq] (y) y
 Do you want to see your attributes? [ynq] (y) y
 Do you want an account of creatures vanquished? [ynaq] (y) y
 Do you want to see your conduct and achievements? [ynq] (y) y
 Do you want to see the dungeon overview? [ynq] (y) y

Inventory:
 Coins    ('$')
  $ - 29 gold pieces
 Weapons  (')')
  u - 7 +0 darts
  F - a +2 dagger
  B - a cursed +0 elven dagger (weapon in left hand)
  M - a +0 long sword
  a - a blessed +2 quarterstaff
 Armor    ('[')
  s - an uncursed +2 orcish helm (being worn)
  b - an uncursed +0 cloak of magic resistance (being worn)
 Comestibles  ('%')
  w - an uncursed slime mold
  p - 4 uncursed food rations
  t - an uncursed lichen corpse
 Scrolls  ('?')
  q - a blessed scroll of confuse monster
  i - 2 uncursed scrolls of confuse monster
  H - an uncursed scroll of create monster
  I - an uncursed scroll of magic mapping
  v - an uncursed scroll of remove curse
  j - an uncursed scroll of teleportation
 Spellbooks  ('+')
  m - an uncursed spellbook of chain lightning
  L - an uncursed spellbook of create monster
  G - an uncursed spellbook of cure sickness
  z - an uncursed spellbook of extra healing
  l - a blessed spellbook of force bolt
 Potions  ('!')
  O - an uncursed potion of hallucination
  f - a potion of holy water
  A - an uncursed potion of water
 Rings    ('=')
  e - an uncursed ring of polymorph
  d - an uncursed ring of regeneration
 Wands    ('/')
  c - a wand of magic missile (0:7)
 Tools    ('(')
  n - a magic marker (0:22)
  N - an uncursed tin whistle
 Gems/Stones  ('*')
  o - 2 uncursed jasper stones
  D - 2 uncursed obsidian stones
  J - an uncursed worthless piece of blue glass
  C - an uncursed worthless piece of green glass

Koku the Wizard's attributes:

Background:
 You were a Conjurer, a level 3 female gnomish Wizard.
 You were neutral, nominally on a mission for Thoth
 who was opposed by Ptah (lawful) and Anhur (chaotic).
 You were left-handed.
 You were in the Gnomish Mines, on level 3.
 You entered the dungeon 1098 turns ago.
 It was nighttime.
 You had 60 experience points, 20 more were needed to attain level 4.

Basics:
 You had 0 out of 25 hit points.
 You had 2 out of 22 energy points (spell power).
 Your armor class was 6.
 Your wallet contained 29 zorkmids.
 Autopickup was off.

Final Characteristics:
 Your strength was 11 (limit:18/50).
 Your dexterity was 14 (base:15, limit:18).
 Your constitution was 15 (limit:18).
 Your intelligence was 17 (limit:19).
 Your wisdom was 8 (limit:18).
 Your charisma was 10 (limit:18).

Final Status:
 You had wounded legs.
 You weren't hungry.
 You were burdened; movement was slightly slowed.
 You were wielding a dagger.
 You were unskilled in dagger.

Final Attributes:
 You were fervently aligned.
 You were magic-protected.
 You had infravision.
 You were warded.
 You are dead.

Miscellaneous:
 You didn't encounter any bones levels.
 Total elapsed playing time was 6 minutes and 50 seconds.

Major events:
 Turn
    1: Koku the neutral female gnomish Wizard entered the dungeon
  694: entered the Gnomish Mines
  789: attained the rank of Conjurer (level 3)
 1098: killed by a xan

Spells:
 Name                 Level Category     Fail Retention
 force bolt             1   attack         0%  91%-100%
 chain lightning        2   attack         0%  91%-100%
 extra healing          3   healing       98%  76%-100%

Skills:
 Fighting Skills
   bare handed combat [Unskilled]
   riding             [Unskilled]
 Weapon Skills
   dagger             [Unskilled]
   knife              [Unskilled]
   axe                [Unskilled]
   short sword        [Unskilled]
   club               [Unskilled]
   mace               [Unskilled]
   quarterstaff       [Basic]
   polearms           [Unskilled]
   spear              [Unskilled]
   trident            [Unskilled]
   sling              [Unskilled]
   dart               [Unskilled]
   shuriken           [Unskilled]
 Spellcasting Skills
   attack spells      [Basic]
   healing spells     [Unskilled]
   divination spells  [Unskilled]
   enchantment spells [Basic]
   clerical spells    [Unskilled]
   escape spells      [Unskilled]
   matter spells      [Unskilled]

Voluntary challenges:
 Character rerolling was not enabled.
 You followed a strict vegan diet.
 You were an atheist.
 You never genocided any monsters.
 You never polymorphed an object.
 You never changed form.
 You used no wishes.
Achievements:
 You entered the Gnomish Mines.
 You attained the rank of Conjurer.

 The Dungeons of Doom: levels 1 to 2
    Level 1:
    Level 2:
       A fountain.
       Stairs down to The Gnomish Mines.
 The Gnomish Mines: levels 3 to 4
    Level 3: <- You were here.
       Final resting place for
          you, killed by a xan.
    Level 4:


Vanquished creatures:
  a gnome leader
  a coyote
  3 hobbits
  3 giant rats
  a gnome
  a gnome zombie
  3 geckos
  3 jackals
  a fox
  a kobold
  a goblin
  5 grid bugs
  2 lichens
  a kobold zombie
  4 newts
31 creatures vanquished.

No species were genocided or became extinct.

Game over:
                       ----------
                      /          \
                     /    REST    \
                    /      IN      \
                   /     PEACE      \
                  /                  \
                  |       Koku       |
                  |      29 Au       |
                  | killed by a xan  |
                  |                  |
                  |                  |
                  |                  |
                  |       2026       |
                 *|     *  *  *      | *
        _________)/\\_//(\/(/\)/\//\/|_)_______

Goodbye Koku the Wizard...

You died in The Gnomish Mines on dungeon level 3 with 417 points,
and 29 pieces of gold, after 1098 moves.
You were level 3 with a maximum of 25 hit points when you died.

